 Dungeon Sprint DCSS version 0.21.0-24-g2553a33 (webtiles) character file.

94220 wojtek the Axe Maniac (level 14, -4/154 HPs)
             Began as a Minotaur Berserker on Jan 20, 2018.
             Was a High Priest of Trog.
             Slain by Mennas
             ... wielding a +5 sacred scourge of holy wrath
              (9 damage)
             ... in the Dungeon (Sprint III: "The Ten Rune Challenge").
             The game lasted 00:31:25 (10005 turns).

wojtek the Axe Maniac (Minotaur Berserker)         Turns: 10005, Time: 00:31:26

Health: -4/154     AC: 29    Str: 26    XL:     14   Next: 78%
Magic:  4/4        EV: 17    Int:  4    God:    Trog [*****.]
Gold:   27         SH:  0    Dex: 11    Spells: 13/13 levels left

rFire    + + .     SeeInvis +   b - +3 executioner's axe (antimagic)
rCold    . . .     Gourm    .   (shield currently unavailable)
rNeg     . . .     Faith    .   l - +2 plate armour {rF+}
rPois    .         Spirit   .   F - +2 hat {MR+}
rElec    .         Reflect  .   d - +2 cloak
rCorr    .         Harm     .   O - +0 pair of gloves {archery}
MR       ++...     NoTele   +   (no boots)
Stlth    ..........             (no amulet)
HPRegen  0.35/turn              H - ring of see invisible
MPRegen  0.09/turn              K - ring of protection from fire

@: confused, berserk cooldown, slowed, glowing, very slow
A: retaliatory headbutt, horns 2
}: 2/10 runes: decaying, barnacled
a: Berserk, Trog's Hand, Brothers in Arms, Burn Spellbooks, Renounce Religion


You were in the Dungeon.
You worshipped Trog.
Trog was extremely pleased with you.
You were very hungry.

You visited 1 branch You collected 2282 gold pieces.
You spent 2255 gold pieces at shops.

Inventory:

Hand Weapons
 a - a +2 executioner's axe of flaming
 b - a +3 antimagic executioner's axe (weapon)
 j - a +2 broad axe of freezing
 t - a +6 antimagic hand axe
 v - a +3 antimagic battleaxe
 x - the +10 arbalest "Tiogax" {elec, rN+ Str+3, unknown}
   (Trog gifted it to you in the Dungeon)

   It charges the ammunition it shoots with electricity; occasionally upon a
   hit, such missiles may discharge and cause terrible harm.
   It affects your strength (+3).
   It protects you from negative energy.
 y - a +4 battleaxe of chopping
 A - a +2 antimagic battleaxe
 G - a +2 vampiric battleaxe
 Q - a +5 antimagic battleaxe
 T - a +4 battleaxe of electrocution
 U - a +2 antimagic battleaxe
 V - a +1 battleaxe of flaming
 Y - a +3 antimagic battleaxe
 Z - a +1 demon blade of pain
Missiles
 X - 2 throwing nets (quivered)
Armour
 d - a +2 cloak (worn)
 l - a +2 plate armour of fire resistance (worn)
 u - a +0 plate armour
 w - a +2 scale mail of fire resistance
 D - a +2 ring mail of fire resistance
 F - a +2 hat of magic resistance (worn)
 I - +3 fire dragon scales {Xtahua}
 L - a +1 shield of reflection
 O - a +0 pair of gloves of archery (worn)
 P - a scarf of cloud immunity
 W - a +0 pair of gloves
Jewellery
 H - a ring of see invisible (left hand)
 K - a ring of protection from fire (right hand)
Scrolls
 i - a scroll of blinking
 n - a scroll of holy word {unknown}
 o - 4 scrolls of identify
 p - 3 scrolls of remove curse
 r - a scroll of immolation {unknown}
 z - a scroll of enchant weapon
 C - a scroll of fear
 J - a scroll of summoning
 M - a scroll of enchant armour
Potions
 e - a potion of heal wounds
 f - 2 potions of haste
 g - 3 potions of magic
 h - a potion of berserk rage
 k - a potion of brilliance {unknown}
 m - 7 potions of mutation {unknown}
 q - 2 potions of flight
 B - a potion of lignification {unknown}
 E - a potion of degeneration {unknown}
 N - a potion of curing
 S - a potion of agility {unknown}
Books
 R - Roxanne's Reference Book on Transmigration
   (You took it off Roxanne in the Dungeon)

   Spells                             Type                      Level
   a - Sticks to Snakes               Transmutation                2
   b - Ignite Poison                  Fire/Transmutation/Poison    3
   c - Spider Form                    Transmutation/Poison         3
   d - Irradiate                      Conjuration/Transmutation    5
   e - Statue Form                    Transmutation/Earth          6
   Trog disapproves of the use of such an item.
Miscellaneous
 s - a phial of floods
Comestibles
 c - 9 rations


   Skills:
 + Level 22.0 Fighting
 O Level 27 Axes
 + Level 21.9 Armour
 + Level 20.4 Dodging


You had 13 spell levels left.
You didn't know any spells.

Dungeon Overview and Level Annotations

Branches:
Dungeon (1/1)

Altars:
Cheibriados
Dithmenos
Elyvilon
Fedhas
Gozag
Hepliaklqana
Kikubaaqudgha
Makhleb
Nemelex Xobeh
Okawaru
Qazlal
Ru
Sif Muna
Trog
Uskayaw
Vehumet
Wu Jian
Xom
Yredelemnul
Zin
The Shining One
Beogh
Jiyva
Lugonu

Shops:
D [%=}%?:[%!!!%?:?[=(?!(?}

Annotations:
D exclusion: 2 statues, Mennas


Innate Abilities, Weirdness & Mutations

You reflexively headbutt those who attack you in melee.
You have a pair of horns on your head.


Message History

Mennas hits you with a sacred scourge of holy wrath!!
* * * LOW HITPOINT WARNING * * *
Mennas hits you with a sacred scourge of holy wrath.
* * * LOW HITPOINT WARNING * * *
Unknown command.
You're too confused!
Are you sure you want to stumble around while confused and next to your deep troll?
Your deep troll misses you.
Your deep troll claws you but does no damage.
Your deep troll barely misses you.
Mennas hits you but does no damage. x2
Mennas misses you. Mennas closely misses you.
Your deep troll bites Mennas!!
Your deep troll closely misses Mennas.
Mennas blocks your deep troll's attack.
There is an open door here.
Unknown command.
Are you sure you want to stumble around while confused and next to your deep troll?
You bump into the metal wall.
Your troll rages.
Mennas hits you but does no damage.
Mennas hits you with a sacred scourge of holy wrath!
You die...

≈≈§≈♣ ▓≈≈≈≈≈≈≈≈≈≈.∩▓#.#.#.#.#....
♣∩∩∩♣ ▓.≈≈≈≈≈≈≈≈...▓#.......)....
♣♣♣♣♣ ▓▓▓▓▓▓▓▓▓▓▓▓▓▓#............
********###############'#########
,,,,,**,≈....≈8#T..###...##,#≈≈≈≈
****+**≈......≈#...##.....##+#.≈≈
*,,,,**,.......#[###.......###...
*,,,,**,.......AT..'.......'...[.
*,,,,**,.......#@###.......#####.
*,,,,**≈......≈#≈≈≈##.....##...##
*******,≈....≈8#'#'###...###.#..#
*,*,****##++####.#.# ##+####.##.#
,,,,,**,,+,,,..#'#####.≈≈≈+#.##.#
******#####**#.#..'∩∩#.≈≈.#..##..
,,,,,,#...# ##.####∩∩#.≈≈.#######
,,,,,,#...###...###..#..≈.#..'≈⌠)
,,,,,,+...'.).....'..+..≈≈'.[#≈≈.


You could see Mennas, a friendly deep troll (berserk) and a friendly troll
(berserk).

Vanquished Creatures
  Mara (D)
  Boris (D)
  Xtahua (D)
  Rupert (D)
  Polyphemus (D)
  A storm dragon (D)
  Frances (D)
  Ilsuiw (D)
  Donald (D)
  Roxanne (D)
  2 draconian knights (D)
  A vampire knight (D)
  A merfolk javelineer (D)
  A mummy priest (D)
  2 hell beasts (D)
  A vault guard (D)
  Erica (D)
  A centaur warrior (D)
  4 orc high priests (D)
  2 death yaks (D)
  Urug (D)
  A soul eater (D)
  2 skeletal warriors (D)
  2 unseen horrors (D)
  An anaconda zombie (D)
  A death drake (D)
  A sea snake (D)
  A spectral iron dragon (D)
  An orc knight (D)
  A lindwurm (D)
  2 crystal guardians (D)
  An oklob plant (D)
  A deep elf mage (D)
  An elephant (D)
  2 black mambas (D)
  3 stone giant skeletons (D)
  3 statues (D)
  2 spiny frogs (D)
  A molten gargoyle (D)
  A komodo dragon (D)
  A rime drake (D)
  A queen bee (D)
  3 dream sheep (D)
  2 tyrant leeches (D)
  3 hornets (D)
  8 blink frogs (D)
  3 wandering mushrooms (D)
  5 slime creatures (D)
  A shadow (D)
  3 redbacks (D)
  A spatial vortex (D)
  2 iron troll simulacra (D)
  A hydra simulacrum (D)
  A hell hound (D)
  3 orc warriors (D)
  A swamp drake (D)
  A necrophage (D)
  2 centaurs (D)
  An earth elemental (D)
  A water elemental (D)
  31 killer bees (D)
  3 electric eels (D)
  A jelly (D)
  Crazy Yiuf (D)
  4 orc priests (D)
  An orc wizard (D)
  A wizard (D)
  A necromancer (D)
  3 humans (D)
  A kobold demonologist (D)
  5 orcs (D)
  A kobold (D)
  4 rats (D)
  5 ballistomycetes (D)
  6 plants (D)
167 creatures vanquished.

Vanquished Creatures (collateral kills)
  An Executioner (D)
  Gastronok (D)
  A draconian knight (D)
  A vampire knight (D)
  Nessos (D)
  2 dire elephants (D)
  2 fire dragons (D)
  2 hydras (D)
  2 death yaks (D)
  A soul eater (D)
  2 sun demons (D)
  A spriggan druid (D)
  An obsidian statue (D)
  An oklob plant (D)
  An orc knight (D)
  2 crystal guardians (D)
  An elephant (D)
  2 ice devils (D)
  2 spriggans (D)
  A hell hound (D)
  A killer bee (D)
  An electric eel (D)
  An orc priest (D)
  2 orc wizards (D)
33 creatures vanquished.

Vanquished Creatures (others)
  Nikola (D)
  2 draconian scorchers (D)
  A hydra (D)
  A shadow wraith (D)
  A statue (D)
  3 yaktaurs (D)
  6 hellions (D)
  2 ball lightnings (D)
  6 ballistomycete spores (D)
  20 plants (D)
43 creatures vanquished.

Grand Total: 243 creatures vanquished

Notes
Turn   | Place    | Note
-------+----------+-------------------------------------------
     0 | D        | wojtek the Minotaur Berserker began the quest for the Orb.
     0 | D        | Reached XP level 1. HP: 19/19 MP: 0/0
     5 | D        | Reached skill level 4 in Axes
    14 | D        | Reached ** piety under Trog
    46 | D        | Reached skill level 5 in Axes
    46 | D        | Reached XP level 2. HP: 28/28 MP: 1/1
    47 | D        | Killed a yaktaur
    80 | D        | Killed a hellion
    88 | D        | Noticed Crazy Yiuf
    93 | D        | Killed Crazy Yiuf
    93 | D        | Reached skill level 5 in Fighting
    93 | D        | Reached skill level 6 in Axes
    93 | D        | Reached XP level 3. HP: 36/36 MP: 2/2
   110 | D        | Killed a hellion
   110 | D        | Killed a hellion
   110 | D        | Killed a hellion
   112 | D        | Killed a hellion
   119 | D        | Killed a hellion
   131 | D        | Noticed a water elemental
   136 | D        | Killed a water elemental
   136 | D        | Reached *** piety under Trog
   136 | D        | Reached skill level 7 in Axes
   136 | D        | Reached skill level 5 in Armour
   136 | D        | Reached XP level 4. HP: 14/44 MP: 3/3
   166 | D        | Killed a white draconian scorcher
   175 | D        | Killed a white draconian scorcher
   366 | D        | Found a radiant altar of Vehumet.
   366 | D        | Found a deep blue altar of Sif Muna.
   366 | D        | Found an ancient bone altar of Kikubaaqudgha.
   366 | D        | Noticed a wizard
   370 | D        | Killed a wizard
   370 | D        | Reached skill level 8 in Axes
   370 | D        | Reached skill level 5 in Dodging
   370 | D        | Reached XP level 5. HP: 43/51 MP: 4/4
   486 | D        | Found a glowing silver altar of Zin.
   487 | D        | Found a glowing golden altar of the Shining One.
   487 | D        | Found a white marble altar of Elyvilon.
   487 | D        | Noticed a deep elf mage
   498 | D        | Reached **** piety under Trog
   504 | D        | Killed a deep elf mage
   504 | D        | Reached ***** piety under Trog
   504 | D        | Reached skill level 11 in Axes
   504 | D        | Reached XP level 6. HP: 54/62 MP: 5/5
   504 | D        | Reached XP level 7. HP: 59/69 MP: 6/6
   634 | D        | Found a hide-covered altar of Uskayaw.
   634 | D        | Found a roughly hewn altar of Beogh.
   634 | D        | Found an iron altar of Okawaru.
   634 | D        | Found a bloodstained altar of Trog.
   634 | D        | Found an ornate altar of the Wu Jian Council.
   634 | D        | Noticed a human
   634 | D        | Noticed a human
   640 | D        | Killed a human
   640 | D        | Reached skill level 12 in Axes
   646 | D        | Killed a human
   737 | D        | Found a basalt altar of Yredelemnul.
   737 | D        | Found a shadowy altar of Dithmenos.
   737 | D        | Found a sacrificial altar of Ru.
   741 | D        | Received a gift from Trog
   741 | D        | Reached skill level 13 in Axes
   818 | D        | Noticed a shadow
   822 | D        | Received a gift from Trog
   822 | D        | Reached skill level 10 in Fighting
   823 | D        | Killed a shadow
   823 | D        | Reached XP level 8. HP: 66/79 MP: 7/7
   965 | D        | Found a blossoming altar of Fedhas.
   965 | D        | Found a stormy altar of Qazlal.
   965 | D        | Found a snail-covered altar of Cheibriados.
   965 | D        | Found a burning altar of Makhleb.
   965 | D        | Found a shimmering altar of Xom.
   966 | D        | Found a hazy altar of Hepliaklqana.
   966 | D        | Found an opulent altar of Gozag.
   966 | D        | Found a sparkling altar of Nemelex Xobeh.
   966 | D        | Found a corrupted altar of Lugonu.
   966 | D        | Found a viscous altar of Jiyva.
   972 | D        | Received a gift from Trog
   972 | D        | Reached skill level 10 in Armour
  1068 | D        | Noticed Erica
  1077 | D        | Killed Erica
  1077 | D        | Reached skill level 14 in Axes
  1077 | D        | Reached skill level 10 in Dodging
  1242 | D        | Reached XP level 9. HP: 56/89 MP: 8/8
  1391 | D        | Noticed an orc knight
  1391 | D        | Noticed an orc high priest
  1391 | D        | Noticed an orc high priest
  1392 | D        | Noticed an orc high priest
  1403 | D        | Noticed a rust devil
  1404 | D        | Killed an orc high priest
  1404 | D        | Reached skill level 15 in Axes
  1410 | D        | Received a gift from Trog
  1417 | D        | Killed an orc high priest
  1417 | D        | Reached ****** piety under Trog
  1417 | D        | Reached skill level 16 in Axes
  1428 | D        | Killed an orc knight
  1432 | D        | Received a gift from Trog
  1438 | D        | Killed an orc high priest
  1438 | D        | Reached skill level 17 in Axes
  1438 | D        | Reached XP level 10. HP: 34/101 MP: 9/9
  1469 | D        | Found Lezyximm's Gadget Emporium.
  1693 | D        | Noticed a centaur warrior
  1695 | D        | Received a gift from Trog
  1697 | D        | Killed a centaur warrior
  1729 | D        | Killed an unseen horror
  1729 | D        | Reached skill level 18 in Axes
  1738 | D        | Killed an unseen horror
  1870 | D        | Received a gift from Trog
  1905 | D        | Received a gift from Trog
  1915 | D        | Received a gift from Trog
  2300 | D        | Reached XP level 11. HP: 104/111 MP: 10/10
  2307 | D        | Reached skill level 19 in Axes
  2351 | D        | Got a polished arbalest {god gift}
  2439 | D        | Received a gift from Trog
  2607 | D        | Received a gift from Trog
  2828 | D        | Noticed a lindwurm
  2832 | D        | Killed a lindwurm
  2832 | D        | Reached skill level 15 in Fighting
  2841 | D        | Reached skill level 20 in Axes
  2842 | D        | Noticed Urug
  2845 | D        | Killed Urug
  2845 | D        | Reached skill level 15 in Armour
  3061 | D        | Received a gift from Trog
  3090 | D        | Noticed Rupert
  3090 | D        | Paralysed by Rupert for 3 turns
  3104 | D        | Killed Rupert
  3303 | D        | Noticed a dire elephant
  3317 | D        | Noticed a dire elephant
  3318 | D        | Killed a dire elephant
  3318 | D        | Reached skill level 21 in Axes
  3325 | D        | Killed a dire elephant
  3332 | D        | Noticed Gastronok
  3337 | D        | Killed Gastronok
  3337 | D        | Reached XP level 12. HP: 121/122 MP: 11/11
  3341 | D        | Received a gift from Trog
  3353 | D        | Noticed an azure jelly
  3353 | D        | Noticed an azure jelly
  3353 | D        | Noticed an azure jelly
  3354 | D        | Noticed an azure jelly
  3373 | D        | Noticed a death yak
  3374 | D        | Noticed a death yak
  3438 | D        | Reached skill level 15 in Dodging
  3458 | D        | Noticed a death yak
  3458 | D        | Killed a death yak
  3460 | D        | Noticed a death yak
  3468 | D        | Killed a death yak
  3727 | D        | Killed a death yak
  3727 | D        | Received a gift from Trog
  3727 | D        | Reached skill level 22 in Axes
  3740 | D        | Killed a death yak
  3800 | D        | Killed a six-headed hydra
  4142 | D        | Noticed a fire dragon
  4142 | D        | Noticed a fire dragon
  4155 | D        | Killed a fire dragon
  4159 | D        | Killed a fire dragon
  4173 | D        | Found Hageasay's Antique Armour Shoppe.
  4173 | D        | Found Pody's Food Boutique.
  4173 | D        | Found Qurrahiy's Jewellery Emporium.
  4189 | D        | Noticed Xtahua
  4214 | D        | Killed Xtahua
  4339 | D        | Bought an uncursed ring of see invisible for 180 gold pieces
  4339 | D        | Bought an uncursed ring of see invisible for 180 gold pieces
  4339 | D        | Bought an uncursed ring of protection from fire for 300 gold pieces
  4353 | D        | Got a decaying rune of Zot
  4457 | D        | Noticed a four-headed hydra
  4457 | D        | Noticed a six-headed hydra
  4463 | D        | Killed a six-headed hydra
  4466 | D        | Killed a one-headed hydra
  4483 | D        | Reached skill level 23 in Axes
  4483 | D        | HP: 6/124 [poison (dark miasma)]
  4848 | D        | Noticed Polyphemus
  4863 | D        | Killed Polyphemus
  5048 | D        | Noticed Ilsuiw
  5069 | D        | Killed Ilsuiw
  5069 | D        | Reached XP level 13. HP: 134/134 MP: 12/12
  5132 | D        | Found Toozan's Magic Scroll Emporium.
  5338 | D        | Found Poxt's Book Shop.
  5339 | D        | Found Nuehuulit's Antique Armour Shoppe.
  5340 | D        | Noticed a merfolk javelineer
  5367 | D        | Killed a merfolk javelineer
  5732 | D        | Got a barnacled rune of Zot
  5744 | D        | Bought a glowing cloak for 187 gold pieces
  5763 | D        | Bought a shiny plate armour for 650 gold pieces
  5765 | D        | Bought a scroll of enchant weapon for 90 gold pieces
  5765 | D        | Bought a scroll of fear for 42 gold pieces
  5765 | D        | Bought a scroll of summoning for 114 gold pieces
  5765 | D        | Bought a scroll of magic mapping for 42 gold pieces
  5765 | D        | Bought a scroll of enchant armour for 90 gold pieces
  5804 | D        | Found a blossoming altar of Fedhas.
  5810 | D        | Received a gift from Trog
  5899 | D        | Noticed Donald
  5899 | D        | Noticed Frances
  5906 | D        | Killed Frances
  5906 | D        | Reached skill level 24 in Axes
  5909 | D        | Killed Donald
  6032 | D        | Received a gift from Trog
  6118 | D        | Received a gift from Trog
  6217 | D        | Found Ohiokkeo's Magic Scroll Shop.
  6217 | D        | Found Pegaor Xore's Gadget Shoppe.
  6217 | D        | Found Ponietit's Jewellery Emporium.
  6217 | D        | Found Poatagh's Magic Scroll Boutique.
  6217 | D        | Found Ykixyh Syid's Antique Weapon Emporium.
  6217 | D        | Found Ponysmesm's Magic Scroll Shop.
  6217 | D        | Found Ruddaheo's Antique Armour Boutique.
  6217 | D        | Found Esif's Book Shoppe.
  6217 | D        | Found Fiqugila's Weapon Emporium.
  6217 | D        | Found Omoz Biump's Magic Scroll Shop.
  6217 | D        | Found Paecw's Distillery.
  6217 | D        | Found Sifude's Food Emporium.
  6253 | D        | Bought a pair of runed gloves for 165 gold pieces
  6253 | D        | Bought an embroidered scarf for 176 gold pieces
  6561 | D        | Noticed Boris
  6580 | D        | Killed Boris
  6580 | D        | Reached skill level 25 in Axes
  7090 | D        | Found Nearghad's Food Emporium.
  7090 | D        | Found Xocaj's Distillery.
  7090 | D        | Found Rubuv's Distillery.
  7090 | D        | Found Edemuo Pybb's Distillery.
  7099 | D        | Received a gift from Trog
  7331 | D        | Noticed Roxanne
  7346 | D        | Killed Roxanne
  7347 | D        | Identified Roxanne's Reference Book on Transmigration (You took it off Roxanne in the Dungeon)
  7488 | D        | Reached XP level 14. HP: 103/147 MP: 13/13
  7489 | D        | Received a gift from Trog
  7489 | D        | Reached skill level 26 in Axes
  7516 | D        | Noticed a purple draconian knight
  7517 | D        | Noticed a yellow draconian knight
  7517 | D        | Noticed a white draconian knight
  7526 | D        | Killed a yellow draconian knight
  7530 | D        | Killed a white draconian knight
  7530 | D        | Received a gift from Trog
  7536 | D        | Killed a purple draconian knight
  7932 | D        | Noticed an Executioner
  7934 | D        | Killed an Executioner
  7947 | D        | Noticed Nessos
  7954 | D        | Killed Nessos
  7970 | D        | Found Uffube's Food Boutique.
  7979 | D        | Received a gift from Trog
  8185 | D        | Paralysed by a hornet for 3 turns
  8683 | D        | Noticed Nikola
  8683 | D        | Noticed a storm dragon
  8703 | D        | Killed a storm dragon
  8703 | D        | Reached skill level 27 in Axes
  8922 | D        | Killed Nikola
  9445 | D        | Received a gift from Trog
  9493 | D        | Noticed a vampire knight
  9493 | D        | Noticed Mara
  9493 | D        | Noticed a vampire knight
  9519 | D        | Paralysed by a vampire knight for 2 turns
  9531 | D        | Killed a vampire knight
  9531 | D        | Received a gift from Trog
  9547 | D        | Killed a vampire knight
  9555 | D        | Killed Mara
  9966 | D        | Bought a potion of curing for 39 gold pieces
  9988 | D        | Noticed Mennas
 10003 | D        | HP: 4/154 [Mennas/sacred scourge of holy wrath (5)]
 10005 | D        | Slain by Mennas

Skill      XL: |  1  2  3  4  5  6  7  8  9 10 11 12 13 14 |
---------------+-------------------------------------------+-----
Axes           | 5 6 7 8 11 13 14 17 18 21 23 25 27 | 27.0
Fighting       | 4 5 6 8 10 11 13 14 16 18 19 22 | 22.0
Armour         | 3 4 5 8 9 11 12 14 16 17 19 21 | 21.9
Dodging        | 3 4 5 7 9 10 11 13 14 16 18 20 | 20.4

Action                   |  1- 3 |  4- 6 |  7- 9 | 10-12 | 13-15 || total
-------------------------+-------+-------+-------+-------+-------++-------
Melee: Hand axe          |    18 |     8 |    20 |       |       ||    46
       Headbutt          |     3 |       |    17 |    56 |    63 ||   139
       Broad axe         |       |       |    49 |   154 |       ||   203
       Executioner's axe |       |       |       |   105 |   246 ||   351
       Battleaxe         |       |       |       |     6 |       ||     6
Invok: Berserk           |     3 |     2 |     4 |     5 |     6 ||    20
       Burn Spellbooks   |       |     1 |       |       |       ||     1
       Brothers in Arms  |       |       |     1 |    11 |    11 ||    23
  Use: Potion            |       |       |       |     3 |     2 ||     5
       Scroll            |       |       |       |       |     1 ||     1
 Stab: Held in net/web   |       |       |       |       |     1 ||     1
  Eat: Ration            |       |     1 |     1 |     2 |     7 ||    11
       Chunk             |       |       |     3 |    12 |     1 ||    16
Armor: Animal skin       |     1 |       |     3 |       |       ||     4
       Plate armour      |       |       |       |    85 |   109 ||   194
       Fire dragon scale |       |       |       |    22 |     2 ||    24
Dodge: Dodged            |     7 |     6 |    16 |   150 |   134 ||   313
